 Dungeon Crawl Stone Soup version 0.31.0-32-g396128a36d (webtiles) character file.

Game seed: 8339291739306585588

132 jagang the Slasher (level 5, -1/41 HPs)
             Began as a Human Monk on Mar 15, 2024.
             Slain by a crocodile zombie (2 damage)
             ... in an ossuary.
             The game lasted 00:07:14 (2608 turns).

jagang the Slasher (Human Monk)                     Turns: 2608, Time: 00:07:16

Health: -1/41      AC:  9    Str: 11    XL:     5   Next: 15%
Magic:  5/5        EV:  6    Int: 11    God:
Gold:   115        SH:  0    Dex: 17    Spells: 4/4 levels left

rFire   . . .        a - +0 falchion
rCold   . . .        d - orb {light}
rNeg    . . .        i - +0 chain mail
rPois   .            (no helmet)
rElec   .            (no cloak)
rCorr   .            (no gloves)
SInv    .            o - +0 pair of boots
Will    .....        (no amulet) Stlth
                     (no ring)
HPRegen 0.26/turn    (no ring)
MPRegen 0.09/turn

%: no passive effects
@: glowing
A: explore regen
a: no special abilities


You were in an ossuary.
You visited 1 branch of the dungeon, and saw 4 of its levels.
You also visited: Ossuary.

You collected 115 gold pieces.

Inventory:

Hand Weapons
 a - a +0 falchion (weapon)
Armour
 d - an orb of light (worn)
 i - a +0 chain mail (worn)
 o - a +0 pair of boots (worn)
Scrolls
 f - 2 scrolls of teleportation
 h - a scroll of immolation
 j - 2 scrolls of blinking
 m - a scroll of noise
 n - a scroll of poison
 r - a scroll of enchant weapon {unknown}
 s - a scroll of silence {unknown}
 t - a scroll of amnesia {unknown}
Potions
 b - a potion of magic {unknown}
 c - a potion of ambrosia
 e - 3 potions of heal wounds {unknown}
 g - 4 potions of curing {unknown}
 k - a potion of lignification {unknown}
 p - 2 potions of brilliance {unknown}


   Skills:
 - Level 3.3 Fighting
 * Level 4.9 Long Blades
 + Level 1.6 Throwing
 - Level 3.2 Dodging


You had 4 spell levels left.
You didn't know any spells.
Your spell library contained the following spells:

 Spells                   Type           Power      Damage    Failure   Level
 Olgreb's Toxic Radiance  Alch           0%         N/A       100%        4
 Ozocubu's Refrigeration  Ice            0%         4d7       100%        7
 Discord                  Hex            0%         N/A       100%        8


Dungeon Overview and Level Annotations

Branches:
Dungeon (4/15)            Ossuary (1/1)
 Temple: D:4-7

Altars:


Innate Abilities, Weirdness & Mutations

You regain HP and MP as you explore.


Message History

Found a gate leading back out of this place.
There is an empty arch of ancient stone here.
You slash the crocodile zombie!
The crocodile zombie is lightly damaged.
The crocodile zombie completely misses you.
You hit the crocodile zombie.
The crocodile zombie is moderately damaged.
The kobold zombie hits you but does no damage.
You hit the kobold zombie but do no damage.
The kobold zombie barely misses you.
You hit the kobold zombie.
The kobold zombie is heavily damaged.
The kobold zombie barely misses you. The crocodile zombie bites you!
The crocodile zombie drags you backwards!
You hit the crocodile zombie.
The crocodile zombie is moderately damaged.
The mummy hits you but does no damage.
You slash the crocodile zombie!
The crocodile zombie is heavily damaged.
The kobold zombie hits you but does no damage.
The crocodile zombie barely misses you. The mummy hits you!
You barely miss the crocodile zombie.
The crocodile zombie is heavily damaged.
The kobold zombie hits you but does no damage.
The crocodile zombie bites you but does no damage.
You hit the crocodile zombie.
The crocodile zombie is heavily damaged.
The kobold zombie hits you but does no damage.
The crocodile zombie bites you. The mummy closely misses you.
You hit the crocodile zombie but do no damage.
The crocodile zombie is heavily damaged.
The kobold zombie completely misses you.
The crocodile zombie bites you.
You slash the crocodile zombie!
The crocodile zombie is severely damaged.
The mummy hits you!
* * * LOW HITPOINT WARNING * * *
The kobold zombie hits you but does no damage.
The crocodile zombie barely misses you. The crocodile zombie bites you.
You die...

############Z
##............
#.Z.Z......^..
#..@Z.∩..∩....
#..M..........
##............
############.


You could see a mummy, 2 crocodile zombies and a kobold zombie.

Vanquished Creatures
  An orc priest (D:4)
  4 adders
  A ribbon worm (D:2)
  2 dart slugs
  3 orcs (D:4)
  2 bats (D:3)
  6 endoplasms
  3 giant cockroaches
  5 goblins
  5 hobgoblins
  6 jackals
  6 kobolds
  2 quokkas
  2 ball pythons (D:3)
  2 frilled lizards
  2 rats (D:2)
52 creatures vanquished.

Notes
Turn   | Place    | Note
-------+----------+-------------------------------------------
     0 | D:1      | jagang the Human Monk began the quest for the Orb.
     0 | D:1      | Reached XP level 1. HP: 18/18 MP: 1/1
    86 | D:1      | Reached XP level 2. HP: 21/24 MP: 2/2
   515 | D:1      | Reached XP level 3. HP: 20/29 MP: 3/3
   552 | D:1      | Found a faded altar of an unknown god.
  1244 | D:2      | Reached skill level 4 in Long Blades
  1517 | D:2      | Reached XP level 4. HP: 31/35 MP: 4/4
  2011 | D:3      | Reached skill level 1 in Throwing
  2419 | D:4      | Found a sand-covered staircase.
  2488 | D:4      | Reached XP level 5. HP: 9/41 MP: 5/5
  2596 | Ossuary  | Entered an ossuary
  2608 | Ossuary  | HP: 1/41 [mummy (12)]
  2608 | Ossuary  | Slain by a crocodile zombie

Illustrated notes

Levels and vault maps discovered:
D:1:      dpeg_arrival_round_a, layout_basic, shapermc_ecumenical_altar_gd
D:2:      layout_loops_corners
D:3:      layout_rooms
D:4:      layout_basic, mainiacjoe_overflow_surrounded_room,
          nicolae_ossuary_entry_false_entrances, minmay_misc_feat_tower,
          hangedman_decor_riveting, skrybe_limestone_x,
          nicolae_nh_ransacked_shop
Ossuary:  ossuary_the_hunt_dpeg

Skill      XL: |  1  2  3  4 |
---------------+-------------+-----
Long Blades    | 4 |  4.9
Throwing       | 1 |  1.6
Fighting       | |  3.3
Dodging        | |  3.2

Action                     |  1- 3 |  4- 6 || total
---------------------------+-------+-------++-------
  Melee: Falchion          |    88 |    64 ||   152
  Throw: Dart              |       |     3 ||     3
    Use: Scroll            |       |     5 ||     5
 Armour: Robe              |    16 |       ||    16
         Chain mail        |    37 |    67 ||   104
  Dodge: Dodged            |    34 |    21 ||    55
